 Dungeon Crawl Stone Soup version 0.17.0-28-g6e173f8 (webtiles) character file.

22 M4edhros the Gusty (level 2, -1/19 HPs)
             Began as an Octopode Wanderer on Nov 25, 2015.
             Slain by an adder (2 damage)
             ... on level 2 of the Dungeon.
             The game lasted 00:01:16 (1012 turns).

M4edhros the Gusty (Octopode Wanderer)              Turns: 1012, Time: 00:01:17

Health: -1/19      AC:  1    Str: 11    XL:     2   Next: 91%
Magic:  13/14      EV: 11    Int: 16    God:
Gold:   86         SH:  0    Dex:  9    Spells: 1 memorised, 4 levels left

rFire  . . .     SeeInvis +     d - +0 club
rCold  . . .     Clarity  .     (no shield)
rNeg   . . .     SustAt   .     (helmet restricted)
rPois  .         Gourm    .     (no amulet)
rElec  .         Spirit   .     g - ring of see invisible
rCorr  .         Warding  .     i - ring of magical power
rMut   .         Stasis   .     (no ring)
MR     .....                    (no ring)
Stlth  ++........               (no ring)
                                (no ring)
                                (no ring)
                                (no ring)

@: lethally poisoned (-1 -> -18), not resistant to hostile enchantments,
unstealthy
A: almost no armour, amphibious, 8 rings, constrict 8, camouflage 1, gelatinous
body 1
a: no special abilities


You were on level 2 of the Dungeon.
You were not hungry.

You visited 1 branch of the dungeon, and saw 2 of its levels.

You collected 86 gold pieces.

Inventory:

Hand Weapons
 d - a +0 club (weapon)
Missiles
 q - 6 sling bullets
 r - 31 stones (quivered)
Jewellery
 g - a ring of see invisible (left tentacle)
 i - a ring of magical power (right tentacle)
Wands
 c - a wand of random effects (15)
Scrolls
 f - 2 scrolls of remove curse {unknown}
 h - 2 scrolls of magic mapping {unknown}
 l - a scroll of identify {unknown}
 p - a scroll of immolation {unknown}
Potions
 k - a potion of cancellation {unknown}
 m - a potion of poison
 n - a potion of resistance {unknown}
 o - a potion of curing {unknown}
Books
 a - a book of Air

   Spells                             Type                      Level
   a - Shock                          Conjuration/Air              1
   b - Swiftness                      Charms/Air                   2
   c - Repel Missiles                 Charms/Air                   2
   d - Static Discharge               Conjuration/Air              3
   e - Lightning Bolt                 Conjuration/Air              5
 b - Qoekohac's Volume of Translocation

   Spells                             Type                      Level
   a - Apportation                    Translocation                1
   b - Portal Projectile              Translocation                3
Comestibles
 e - a bread ration
 j - a slice of pizza


   Skills:
 - Level 2.0 Fighting
   Level 1.0 Axes
   Level 1.0 Shields
 + Level 2.4 Spellcasting
 + Level 0.2 Conjurations
   Level 1.0 Summonings
 + Level 3.0 Air Magic
 - Level 1.1 Evocations


You had 4 spell levels left.
You knew the following spells:

 Your Spells              Type           Power        Failure   Level  Hunger
a - Shock                 Conj/Air       #...         12%         1    #......


Dungeon Overview and Level Annotations

Branches:
Dungeon (2/15)

Altars:


Innate Abilities, Weirdness & Mutations

You cannot wear most types of armour.
You are amphibious.
You can wear up to eight rings at the same time.
You can use your tentacles to constrict eight enemies at once.
Your skin changes colour to match your surroundings (Stealth).
Your rubbery body absorbs attacks (AC +1).


Message History

Evoke which item? (* to show all) (? for menu, Esc to quit)
Okay, then.
Casting: Shock
Confirm with . or Enter, or press ? or * to list all spells.
Aiming: Shock
Press: ? - help, Shift-Dir - straight line The zap hits the adder.
The adder is lightly wounded.
The zap hits the adder.
The adder is moderately wounded.
The adder bites you.
* * * LOW HITPOINT WARNING * * *
You are lethally poisoned!
The adder poisons you! The adder closely misses you.
Drink which item? (? for menu, Esc to quit)
It was a potion of poison.
That liquid tasted very nasty...
You are more poisoned.
* * * LOW HITPOINT WARNING * * *
You feel sick. The adder bites you.
You die...

####.### ##...##
#.# ##'## #.# #.#
#.# #.# #.# ##.##
##...## . #.†...#
... ##...##
.....####@######
........S....(...
.....############
... #


You could see an adder.

Vanquished Creatures
  A giant gecko (D:2)
  A ball python (D:1)
  6 goblins
  2 hobgoblins (D:1)
  A kobold (D:1)
  2 bats
  4 giant newts
  5 rats
22 creatures vanquished.

Notes
Turn   | Place    | Note
--------------------------------------------------------------
     0 | D:1      | M4edhros the Octopode Wanderer began the quest for the Orb.
     0 | D:1      | M4edhros set off with: a book of Air, Qoekohac's Volume of Translocation, a wand of random effects (15), a +0 club, a bread ration
     0 | D:1      | Reached XP level 1. HP: 14/14 MP: 2/2
     0 | D:1      | Identified Qoekohac's Volume of Translocation
     2 | D:1      | Learned a level 1 spell: Shock
   318 | D:1      | Reached XP level 2. HP: 19/19 MP: 4/4
  1012 | D:2      | Slain by an adder

Action                   || total
-------------------------++-------
Melee: Club              ||    46
 Cast: Shock             ||     1
  Use: Potion            ||     1
 Stab: Sleeping          ||     5
